 Dungeon Crawl Stone Soup version 0.25-a0-289-g406d6369f5 (webtiles) character file.

Game seed: 6426748515021662245, levelgen mode: deterministic

119 D1HalberdGnoll the Sneak (level 4, -1/25 HPs)
             Began as a Vampire Earth Elementalist on Dec 13, 2019.
             Slain by Grinder (6 damage)
             ... while paralysed by Grinder
             ... on level 3 of the Dungeon.
             The game lasted 00:03:38 (2165 turns).

D1HalberdGnoll the Sneak (VpEE)                     Turns: 2165, Time: 00:03:39

Health: -1/25      AC:  4    Str:  8    XL:     4   Next: 73%
Magic:  0/8        EV:  2    Int: 17    God:
Gold:   76         SH:  0    Dex: 14    Spells: 4/8 levels left

rFire    . . .     SeeInvis +   o - +2 short sword (speed)
rCold    + + .     Gourm    .   (no shield)
rNeg     + + +     Faith    .   c - +0 robe
rPois    ∞         Spirit   .   (no helmet)
rElec    .         Reflect  .   a - +0 cloak
rCorr    .         Harm     .   d - +0 pair of gloves
MR       .....                  (no boots)
Stlth    +++++.....             (no amulet)
HPRegen  0.00/turn              (no ring)
MPRegen  0.11/turn              (no ring)

@: paralysed, bloodless
A: no food, fangs 3, see invisible, unbreathing
a: Bat Form, Revivify


You were on level 3 of the Dungeon.
You were bloodless.

You visited 1 branch of the dungeon, and saw 3 of its levels.

You collected 76 gold pieces.

Inventory:

Hand Weapons
 o - a +2 short sword of speed (weapon)
Missiles
 b - 71 stones (quivered)
Armour
 a - a +0 cloak (worn)
 c - a +0 robe (worn)
 d - a +0 pair of gloves (worn)
Jewellery
 f - an uncursed amulet of regeneration {unknown}
 h - an uncursed ring of flight {unknown}
Scrolls
 e - a scroll of teleportation {unknown}
 g - a scroll of blinking {unknown}
 j - a scroll of identify {unknown}
 k - 2 scrolls of enchant armour {unknown}
 m - a scroll of random uselessness {unknown}
Potions
 i - a potion of lignification {unknown}
 l - a potion of heal wounds {unknown}
 n - 2 potions of might {unknown}
 p - a potion of haste {unknown}


   Skills:
 + Level 1.5 Fighting
 - Level 2.1 Dodging
 + Level 4.3 Stealth
 + Level 2.6 Spellcasting
   Level 1.1 Transmutations
 * Level 4.2 Earth Magic


You had 4 spell levels left.
You knew the following spells:

 Your Spells              Type           Power        Failure   Level  Hunger
a - Sandblast             Erth           ###...       3%          1    N/A
b - Stone Arrow           Conj/Erth      #.....       22%         3    N/A

Your spell library contained the following spells:

 Spells                   Type           Power        Failure   Level  Hunger
 Passwall                 Tmut/Erth      ##......     10%         2    N/A
 Petrify                  Tmut/Erth      ##......     52%         4    N/A
 Lee's Rapid Deconstruct  Erth           ###.......   65%         5    N/A

Dungeon Overview and Level Annotations

Branches:
Dungeon (3/15)

Altars:
Ashenzari
Fedhas
Nemelex Xobeh
Vehumet
Xom

Annotations:
D:3 Grinder


Innate Abilities, Weirdness & Mutations

You do not eat.
You do not regenerate when monsters are visible.
You are frail without blood (-20% HP).
You can heal yourself when you bite living creatures.
You are immune to poison.
You have razor-sharp teeth.
You have supernaturally acute eyesight. (SInv)
You can survive without breathing.


Message History

Aim: Grinder (heavily wounded)
The blast of sand hits Grinder!
Grinder is severely wounded.
b - 72 stones Grinder hits you.
Casting: Sandblast (safe; 3% risk of failure)
Confirm with . or Enter, or press ? or * to list all spells.
Aiming: Sandblast (safe; 3% risk of failure)
Press: ? - help, Shift-Dir - straight line, f/p - Grinder
Aim: Grinder (severely wounded)
The blast of sand misses Grinder.
b - 71 stones Grinder closely misses you.
Grinder says, "DUCK!"
Grinder gestures at you.
You suddenly lose the ability to move!
Grinder hits you!
* * * LOW HITPOINT WARNING * * *
Grinder hits you.
You die...

#.# #.# #.#
###.#####.#
########>.........
.........#.#######
######...........
#######.##.#######
#@....#.##.######
#5#.#.#.##......#
...#.#...#######.##
#####.######<......#
#.# ######### #.#
... ###


You could see Grinder.

Vanquished Creatures
  An orc priest (D:2)
  4 adders
  3 dart slugs
  A worm (D:2)
  2 orcs (D:2)
  7 bats
  A giant cockroach (D:2)
  8 hobgoblins
  8 jackals
  7 frilled lizards
  A goblin (D:2)
  2 kobolds
  2 rats (D:2)
47 creatures vanquished.

Notes
Turn   | Place    | Note
-------+----------+-------------------------------------------
     0 | D:1      | D1HalberdGnoll the Vampire Earth Elementalist began the
                  | quest for the Orb.
     0 | D:1      | Reached XP level 1. HP: 13/13 MP: 3/3
   322 | D:1      | Found a shimmering altar of Xom.
   370 | D:1      | Reached XP level 2. HP: 20/20 MP: 1/5
   971 | D:2      | Reached skill level 1 in Fighting
   971 | D:2      | Reached XP level 3. HP: 26/26 MP: 4/6
   976 | D:2      | Learned a level 3 spell: Stone Arrow
  1063 | D:2      | Found a sparkling altar of Nemelex Xobeh.
  1108 | D:2      | Found a radiant altar of Vehumet.
  1383 | D:2      | Reached XP level 4. HP: 26/32 MP: 0/7
  1548 | D:2      | Found a shattered altar of Ashenzari.
  1647 | D:2      | Found a blossoming altar of Fedhas.
  2145 | D:3      | Noticed Grinder
  2153 | D:3      | Paralysed by Grinder for 2 turns
  2163 | D:3      | Paralysed by Grinder for 6 turns
  2165 | D:3      | Slain by Grinder

Levels and vault maps discovered:
D:1:      minmay_arrival_widening_spiral_narrow, layout_rooms,
          palyth_stone_intersect, xom_teletrap_fun
D:2:      layout_loops_corners, nicolae_overflow_crystal_walls,
          lemuel_round_altar, overflow_temple_1_default, marbit_many_paths
D:3:      layout_basic, nicolae_qazlal_eye_of_the_storm,
          gammafunk_ghost_nasty_kobolds, minivault_14,
          minmay_misc_feat_ornament, uniq_jessica, uniq_robin, uniq_grinder,
          uniq_terence

Skill      XL: |  1  2  3 |
---------------+----------+-----
Fighting       | 1 |  1.5
Stealth        | 4 |  4.3
Earth Magic    | 4 |  4.2
Dodging        | |  2.1
Spellcasting   | |  2.6
Transmutations | |  1.1

Action                   |  1- 3 |  4- 6 || total
-------------------------+-------+-------++-------
Melee: Club              |    16 |       ||    16
       Bite              |     4 |     5 ||     9
       Dagger            |    36 |    34 ||    70
       Short sword       |       |    15 ||    15
 Cast: Sandblast         |    32 |    18 ||    50
       Stone Arrow       |     3 |     2 ||     5
 Abil: Exsanguinate      |       |     1 ||     1
 Stab: Sleeping          |     3 |     1 ||     4
       Distracted        |     1 |       ||     1
Armor: Robe              |    24 |    15 ||    39
Dodge: Dodged            |    51 |    29 ||    80

Table legend:
 A = Non-vault XP
 B = Vault XP
 C = Vault XP percentage of total XP
 D = Non-vault monster count
 E = Vault monster count
 F = Vault count percentage of total count
                 A         B        C        D         E       F
            +---------+---------+-------+---------+---------+-------
      Total |     168 |       2 |   1.2 |      46 |       1 |   2.1
            +---------+---------+-------+---------+---------+-------
        D:1 |      37 |       0 |   0.0 |      20 |       0 |   0.0
        D:2 |     118 |       2 |   1.7 |      25 |       1 |   3.8
        D:3 |      13 |       0 |   0.0 |       1 |       0 |   0.0
            +---------+---------+-------+---------+---------+-------
